 Dungeon Crawl Stone Soup version 0.23.2-33-g5129a83184 (webtiles) character file.

Game seed: 10433982651400540618

236 psyvane the Impaler (level 6, -20/66 HPs)
             Began as a Merfolk Skald on July 6, 2019.
             Killed from afar by a quokka (22 damage)
             ... with an exploding inner flame
             ... hexed by the player character
             ... on level 4 of the Dungeon.
             The game lasted 00:15:03 (2490 turns).

psyvane the Impaler (Merfolk Skald)                 Turns: 2490, Time: 00:15:04

Health: -20/66     AC: 23    Str: 13 (16) XL:     6   Next: 6%
Magic:  0/9        EV:  2    Int: 15 (16) God:
Gold:   122        SH:  0    Dex: 16 (19) Spells: 4/9 levels left

rFire    . . .     SeeInvis .   a - +1 spear
rCold    . . .     Gourm    .   (no shield)
rNeg     + + +     Faith    .   (armour currently unavailable)
rPois    +         Spirit   .   (helmet currently unavailable)
rElec    .         Reflect  .   (cloak currently unavailable)
rCorr    .         Harm     .   (gloves currently unavailable)
MR       .....     Rnd*Rage +   (boots currently unavailable) Stlth ++........NoTele +
                                (no amulet)
HPRegen  0.21/turn              (no ring)
MPRegen  0.11/turn              (no ring)

@: mighty, agile, tree-form, shrouded, infused
A: (change form in water), (swift swim), (stealthy swim), berserk 1, clever 1
a: no special abilities


You were on level 4 of the Dungeon.
You were not hungry.
You were a tree.
You visited 1 branch of the dungeon, and saw 4 of its levels.

You collected 122 gold pieces.

Inventory:

Hand Weapons
 a - a +1 spear (weapon)
Armour
 b - a +0 leather armour (melded)
Scrolls
 f - a scroll of remove curse
Potions
 k - a potion of lignification
Comestibles
 d - 7 rations


   Skills:
 - Level 2.1 Fighting
 - Level 17.1 Polearms
 - Level 0.6 Armour
 - Level 2.6 Dodging
 - Level 2.0 Spellcasting
 - Level 3.2 Charms


You had 4 spell levels left.
You knew the following spells:

 Your Spells              Type           Power        Failure   Level  Hunger
a - Infusion              Chrm           ##..         6%          1    #......
b - Shroud of Golubria    Chrm/Tloc      #.........   17%         2    ###....
c - Song of Slaying       Chrm           ##......     9%          2    ###....

Your spell library contained the following spells:

 Spells                   Type           Power        Failure   Level  Hunger
 Regeneration             Chrm/Necr      #.........   34%         3    ###....
 Spectral Weapon          Hex/Chrm       #.......     34%         3    ###....


Dungeon Overview and Level Annotations

Branches:
Dungeon (4/15)
 Temple: D:4-7

Altars:
Ru
Vehumet

Annotations:
D:3 1 transporter, Sysandra's ghost, amateur OpFi
D:4 Menkaure


Innate Abilities, Weirdness & Mutations

((You revert to your normal form in water))
((You are very nimble and swift while swimming.))
((You are very stealthy in the water. (Stealth+)))
You tend to lose your temper in combat.
Your mind is acute. (Int +2)


Message History

The orc hits you but does no damage. x2
You hit Menkaure.
Menkaure is heavily damaged.
Menkaure hits you but does no damage.
The quokka bites you but does no damage.
You barely miss Menkaure.
Menkaure is heavily damaged.
The orc hits you but does no damage.
Your shroud bends the orc's attack away.
Okay, then.
You miss the quokka.
The quokka is moderately wounded.
Menkaure hits you but does no damage.
The quokka bites you but does no damage.
You hit the quokka!
The quokka explodes!
The fiery explosion engulfs the orc!!
The orc explodes!
The fiery explosion engulfs you!!
You die...

.#####...o...# #
#.#####.####...##
#.......o.......
#.##.....###... #.
#..#..# ..
#.##....o###.# #
#..........o.#.#..
#......§§##oo.....
#####...§§♣oo.....
####§##M...... #.#
....... #.#
....... ..#
....... ###
....... #######


You could see Menkaure (inner flame) and 5 orcs.

Vanquished Creatures
  Jessica (D:2)
  A gnoll (D:1)
  An adder (D:2)
  An ooze (D:1)
  3 dart slugs
  A leopard gecko (D:1)
  2 orcs
  4 giant cockroaches
  12 goblins
  7 hobgoblins
  7 jackals
  8 kobolds
  A quokka (D:2)
  2 bats (D:2)
  3 frilled lizards
  8 rats
62 creatures vanquished.

Notes
Turn   | Place    | Note
-------+----------+-------------------------------------------
     0 | D:1      | psyvane the Merfolk Skald began the quest for the Orb.
     0 | D:1      | Reached XP level 1. HP: 16/16 MP: 3/3
   362 | D:1      | Reached skill level 4 in Polearms
   362 | D:1      | Reached XP level 2. HP: 15/22 MP: 0/5
   369 | D:1      | Learned a level 2 spell: Shroud of Golubria
   372 | D:1      | Learned a level 2 spell: Song of Slaying
   796 | D:1      | Reached skill level 5 in Polearms
   796 | D:1      | Reached XP level 3. HP: 16/27 MP: 1/6
  1322 | D:2      | Noticed Jessica
  1390 | D:2      | Reached skill level 6 in Polearms
  1412 | D:2      | Reached XP level 4. HP: 28/33 MP: 5/7
  1436 | D:2      | Killed Jessica
  1827 | D:2      | Reached skill level 7 in Polearms
  2259 | D:3      | Reached XP level 5. HP: 38/38 MP: 8/8
  2262 | D:3      | Found a radiant altar of Vehumet.
  2273 | D:3      | Found a transporter.
  2273 | D:3      | Noticed Sysandra's ghost (amateur OpFi)
  2342 | D:3      | Found a sacrificial altar of Ru.
  2474 | D:4      | Noticed Menkaure
  2477 | D:4      | Gained mutation: You tend to lose your temper in combat.
                  | [potion of mutation]
  2477 | D:4      | Gained mutation: Your mind is acute. (Int +2) [potion of
                  | mutation]
  2484 | D:4      | Reached skill level 17 in Polearms
  2484 | D:4      | Reached XP level 6. HP: 9/44 MP: 1/9
  2486 | D:4      | HP: 1/66 [Menkaure (5)]
  2490 | D:4      | Killed from afar by a quokka

Skill      XL: |  1  2  3  4  5 |
---------------+----------------+-----
Polearms       | 4 5 6 7 17 | 17.1
Fighting       | |  2.1
Armour         | |  0.6
Dodging        | |  2.6
Spellcasting   | |  2.0
Charms         | |  3.2

Action                   |  1- 3 |  4- 6 || total
-------------------------+-------+-------++-------
Melee: Spear             |   134 |    79 ||   213
 Cast: Infusion          |    13 |     7 ||    20
       Shroud of Golubri |     1 |     5 ||     6
       Song of Slaying   |       |     1 ||     1
  Use: Scroll            |     2 |     2 ||     4
       Potion            |       |     9 ||     9
 Stab: Distracted        |     1 |       ||     1
  Eat: Chunk             |     2 |     4 ||     6
Armor: Leather armour    |    13 |    13 ||    26
       Skin              |       |    27 ||    27
Dodge: Dodged            |    65 |    31 ||    96
